 Dungeon Crawl Stone Soup version 0.23.2-40-g277498a001 (webtiles) character file.

Game seed: 15778654383118485939

704 Curus the Cleaver (level 7, -10/57 HPs)
             Began as a Hill Orc Berserker on Sept 8, 2019.
             Was an Elder of Trog.
             Mangled by an ice beast (12 damage)
             ... on level 5 of the Dungeon.
             The game lasted 00:20:46 (4097 turns).

Curus the Cleaver (Hill Orc Berserker)              Turns: 4097, Time: 00:20:47

Health: -10/57     AC: 10    Str: 20    XL:     7   Next: 67%
Magic:  7/7        EV:  6    Int:  7    God:    Trog [****..]
Gold:   260        SH:  0    Dex: 12    Spells: 6/6 levels left

rFire    . . .     SeeInvis .   a - +1 hand axe
rCold    . . .     Gourm    .   (no shield)
rNeg     . . .     Faith    .   g - +0 plate armour
rPois    .         Spirit   .   (no helmet)
rElec    .         Reflect  .   (no cloak)
rCorr    .         Harm     .   (no gloves)
MR       .....                  (no boots)
Stlth    ..........             (no amulet)
HPRegen  0.19/turn              (no ring)
MPRegen  0.10/turn              (no ring)

@: berserk cooldown
A: no striking features
a: Berserk, Trog's Hand, Brothers in Arms, Renounce Religion


You were on level 5 of the Dungeon.
You worshipped Trog.
Trog was greatly pleased with you.
You were not hungry.

You visited 1 branch of the dungeon, and saw 5 of its levels.
You also visited: Sewer.

You collected 260 gold pieces.

Inventory:

Hand Weapons
 a - a +1 hand axe (weapon)
Armour
 b - a +0 animal skin
 d - a +0 ring mail
 g - a +0 plate armour (worn)
Wands
 h - a wand of acid (8)
 i - a wand of disintegration (20)
 k - a wand of polymorph (6)
Scrolls
 e - 6 scrolls of remove curse
 j - 4 scrolls of identify
 l - 3 scrolls of blinking
 m - 3 scrolls of fog
 n - a scroll of magic mapping
 r - 2 scrolls of teleportation
Potions
 f - 4 potions of ambrosia
 p - 2 potions of curing
 q - 3 potions of haste
 s - a potion of magic
Comestibles
 c - 10 rations
 o - 5 chunks of flesh


   Skills:
 - Level 3.6 Fighting
 + Level 11.2 Axes
 - Level 2.1 Armour
 - Level 1.5 Dodging


You had 6 spell levels left.
You didn't know any spells.
Your spell library was empty.

Dungeon Overview and Level Annotations

Branches:
Dungeon (5/15)             Temple (0/1) D:4

Altars:
Cheibriados
Elyvilon
Gozag
Okawaru
Trog
Uskayaw
Zin


Message History

You closely miss the ice beast.
The ice beast is severely wounded.
The ice beast hits you but does no damage.
You hit the ice beast but do no damage.
The ice beast is severely wounded.
The ice beast hits you but does no damage.
You hit the ice beast.
The ice beast is almost dead.
You hit the ice beast.
The ice beast is almost dead.
The ice beast hits you.
* * * LOW HITPOINT WARNING * * *
The ice beast freezes you!
* * * LOW HITPOINT WARNING * * *
You closely miss the ice beast.
The ice beast is almost dead.
The ice beast hits you.
* * * LOW HITPOINT WARNING * * *
The ice beast freezes you!
You die...

#..?...##.
#......#. #.......
...... .# #.#..
... ######.#.#
##.###.......Y#
##....#.# ###.@##
#.......###.....#
##._..(_.....###.#
##..........### .#
#.....⌠.....# .#
)..........## .#
...._..._.## .#
..#.......# .#
)####...###


You could see an ice beast.

Vanquished Creatures
  2 bullfrogs (Sewer)
  A water moccasin skeleton (D:4)
  A centaur skeleton (D:4)
  An orc wizard (D:5)
  An orc priest (D:5)
  Ijyb (D:4)
  2 worker ants (D:4)
  14 adders
  3 gnolls (D:3)
  5 river rats
  2 oozes (D:1)
  An adder zombie (D:5)
  4 worms
  5 dart slugs
  4 leopard geckos
  9 orcs
  4 giant cockroaches
  3 goblins
  8 hobgoblins
  7 jackals (D:2)
  9 kobolds
  2 quokkas
  12 ball pythons
  12 bats
  6 frilled lizards
  33 rats
152 creatures vanquished.

Notes
Turn   | Place    | Note
-------+----------+-------------------------------------------
     0 | D:1      | Curus the Hill Orc Berserker began the quest for the Orb.
     0 | D:1      | Reached XP level 1. HP: 19/19 MP: 1/1
    18 | D:1      | Reached XP level 2. HP: 13/26 MP: 2/2
   205 | D:1      | Reached skill level 5 in Axes
   402 | D:1      | Reached XP level 3. HP: 25/31 MP: 3/3
   966 | D:2      | Reached skill level 6 in Axes
  1033 | D:2      | Reached ** piety under Trog
  1292 | D:2      | Reached XP level 4. HP: 39/39 MP: 4/4
  1309 | D:2      | Found a white marble altar of Elyvilon.
  1670 | D:2      | Reached skill level 7 in Axes
  1747 | D:3      | Reached XP level 5. HP: 45/45 MP: 5/5
  1793 | D:3      | Found a glowing silver altar of Zin.
  1793 | D:3      | Noticed an angel
  1981 | D:3      | Found an opulent altar of Gozag.
  2516 | D:3      | Reached *** piety under Trog
  2635 | D:4      | Reached skill level 8 in Axes
  2664 | D:4      | Reached XP level 6. HP: 27/51 MP: 6/6
  2947 | D:4      | Reached skill level 9 in Axes
  3098 | D:4      | Found a staircase to the Ecumenical Temple.
  3177 | D:4      | Noticed Ijyb
  3215 | D:4      | Killed Ijyb
  3507 | D:5      | Entered Level 5 of the Dungeon
  3523 | D:5      | Found a glowing drain.
  3555 | Sewer    | Entered a sewer
  3834 | Sewer    | Reached **** piety under Trog
  3834 | Sewer    | Reached skill level 10 in Axes
  3834 | Sewer    | Reached XP level 7. HP: 56/57 MP: 7/7
  3989 | Sewer    | Reached skill level 11 in Axes
  4036 | D:5      | Found an iron altar of Okawaru.
  4036 | D:5      | Found a hide-covered altar of Uskayaw.
  4066 | D:5      | Found a bloodstained altar of Trog.
  4066 | D:5      | Found a snail-covered altar of Cheibriados.
  4097 | D:5      | HP: 2/57 [ice beast (2)]
  4097 | D:5      | Mangled by an ice beast

Skill      XL: |  1  2  3  4  5  6  7 |
---------------+----------------------+-----
Axes           | 5 6 7 8 10 11 | 11.2
Fighting       | |  3.6
Armour         | |  2.1
Dodging        | |  1.5

Action                   |  1- 3 |  4- 6 |  7- 9 || total
-------------------------+-------+-------+-------++-------
Melee: Hand axe          |   109 |   325 |    71 ||   505
Invok: Berserk           |     1 |     2 |     2 ||     5
       Trog's Hand       |       |     1 |     1 ||     2
  Use: Scroll            |     3 |     6 |     2 ||    11
       Potion            |     2 |     4 |     3 ||     9
 Stab: Invisible         |       |     1 |       ||     1
  Eat: Chunk             |     2 |    11 |     3 ||    16
Armor: Animal skin       |     4 |       |       ||     4
       Ring mail         |    18 |       |       ||    18
       Plate armour      |    10 |   182 |    39 ||   231
Dodge: Dodged            |    49 |    73 |    19 ||   141
